TOP OF THE 1ST |
Barry's Bay Orioles batting - Pitching for Grim Reapers : RHP Jacob Pearson
|
Pitching: RHP Jacob Pearson
|
|
Batting: RHB Kawsen Kitwana
|
0-0: Called Strike 0-1: Called Strike 0-2: Ball 1-2: Strikes out swinging
|
Batting: LHB Chris Russell
|
0-0: Ball 1-0: Called Strike 1-1: Fly out, F6 (Popup, 6MD)
|
Batting: RHB Dwayne Roldán
|
0-0: Called Strike 0-1: Called Strike 0-2: Foul Ball, location: 2F 0-2: Strikes out swinging
|
Top of the 1st over - 0 runs, 0 hits, 0 errors, 0 left on base; Barry's Bay 0 - Grim 0 |
BOTTOM OF THE 1ST |
Grim Reapers batting - Pitching for Barry's Bay Orioles : RHP David Miller
|
Pitching: RHP David Miller
|
|
Batting: RHB Arturo Franco
|
0-0: Swinging Strike 0-1: Called Strike 0-2: Strikes out swinging
|
Batting: RHB Phil Martin
|
0-0: Ball 1-0: Foul Ball, location: 2F 1-1: Ball 2-1: SINGLE (Flyball, 89M)
|
Batting: LHB Benny Lawson
|
0-0: Foul Ball, location: 2F 0-1: Ball 1-1: Ball 2-1: Swinging Strike 2-2: Strikes out swinging
|
Batting: RHB Ramón Sánchez
|
0-0: Called Strike 0-1: Swinging Strike 0-2: DOUBLE (Line Drive, 89D) Phil Martin to third Runner from 3rd tries for Home, SAFE, no throw
|
Batting: RHB Júlio Núńez
|
0-0: Called Strike 0-1: Ball 1-1: Ball 2-1: Ball 3-1: Base on Balls
|
Batting: SHB Luis Sotelo
|
0-0: Ball 1-0: Ground out U3 (Groundball, 34D)
|
Bottom of the 1st over - 1 run, 2 hits, 0 errors, 2 left on base; Barry's Bay 0 - Grim 1 |
TOP OF THE 2ND |
Barry's Bay Orioles batting - Pitching for Grim Reapers : RHP Jacob Pearson
|
Batting: RHB Esteban Álvarez
|
0-0: Ball 1-0: SINGLE (Line Drive, 78S)
|
Batting: LHB António Machado
|
0-0: Called Strike 0-1: Ball 1-1: Ball 2-1: Swinging Strike 2-2: Foul Ball, location: 2F 2-2: Foul Ball, location: 2F 2-2: Foul Ball, location: 2F 2-2: Ball 3-2: Foul Ball, location: 2F 3-2: Strikes out swinging
|
Batting: RHB Bob Watson
|
0-0: Ball 1-0: Called Strike 1-1: Ball Esteban Álvarez is caught stealing 2nd base 2-1: Ground out 5-3 (Groundball, 56S)
|
Top of the 2nd over - 0 runs, 1 hit, 0 errors, 0 left on base; Barry's Bay 0 - Grim 1 |
BOTTOM OF THE 2ND |
Grim Reapers batting - Pitching for Barry's Bay Orioles : RHP David Miller
|
Batting: RHB Pedro López
|
0-0: Foul Ball, location: 2F 0-1: Ground out 6-3 (Groundball, 6)
|
Batting: RHB Sandro Hernández
|
0-0: Foul Ball, location: 2F 0-1: Foul Ball, location: 2F 0-2: Ball 1-2: Ball 2-2: DOUBLE (Line Drive, 9LM)
|
Batting: RHB Mario Barker
|
0-0: Ball 1-0: Foul Ball, location: 2F 1-1: SINGLE (Groundball, 6D) Sandro Hernández to third
|
Batting: RHB Arturo Franco
|
0-0: Ball 1-0: Called Strike 1-1: Swinging Strike 1-2: Strikes out swinging
|
Batting: RHB Phil Martin
|
0-0: Called Strike 0-1: Ball 1-1: Ball 2-1: Called Strike 2-2: Strikes out swinging
|
Bottom of the 2nd over - 0 runs, 2 hits, 0 errors, 2 left on base; Barry's Bay 0 - Grim 1 |
TOP OF THE 3RD |
Barry's Bay Orioles batting - Pitching for Grim Reapers : RHP Jacob Pearson
|
Batting: RHB Howard Robinson
|
0-0: Swinging Strike 0-1: Ball 1-1: DOUBLE (Groundball, 5L)
|
Batting: RHB Nolan Houston
|
0-0: Swinging Strike 0-1: Called Strike 0-2: Strikes out looking
|
Batting: RHB Reed Brown
|
0-0: Ball 1-0: Ball Howard Robinson steals 3rd base 2-0: Ball 3-0: Called Strike 3-1: Called Strike 3-2: Strikes out looking
|
Batting: RHB Kawsen Kitwana
|
0-0: Called Strike 0-1: Ball 1-1: Ball 2-1: Ground out 1-3 (Groundball, P)
|
Top of the 3rd over - 0 runs, 1 hit, 0 errors, 1 left on base; Barry's Bay 0 - Grim 1 |
BOTTOM OF THE 3RD |
Grim Reapers batting - Pitching for Barry's Bay Orioles : RHP David Miller
|
Batting: LHB Benny Lawson
|
0-0: Ball 1-0: Ball 2-0: Ball 3-0: Base on Balls
|
Batting: RHB Ramón Sánchez
|
0-0: Ball 1-0: Ball 2-0: Foul Ball, location: 2F 2-1: Ball 3-1: Foul Ball, location: 2F 3-2: Strikes out swinging
|
Batting: RHB Júlio Núńez
|
0-0: Ball 1-0: Called Strike 1-1: Swinging Strike 1-2: Foul Ball, location: 2F 1-2: Foul Ball, location: 2F 1-2: Foul Ball, location: 2F 1-2: Fly out, F7 (Flyball, 7LS)
|
Batting: SHB Luis Sotelo
|
0-0: Called Strike 0-1: Ball 1-1: Called Strike 1-2: TRIPLE (Groundball, 3L) Benny Lawson scores
|
Batting: RHB Pedro López
|
0-0: Ball 1-0: Ground out 6-3 (Groundball, 6D)
|
Bottom of the 3rd over - 1 run, 1 hit, 0 errors, 1 left on base; Barry's Bay 0 - Grim 2 |
TOP OF THE 4TH |
Barry's Bay Orioles batting - Pitching for Grim Reapers : RHP Jacob Pearson
|
Batting: LHB Chris Russell
|
0-0: Called Strike 0-1: Foul Ball, location: 2F 0-2: Strikes out swinging
|
Batting: RHB Dwayne Roldán
|
0-0: SOLO HOME RUN (Flyball, 9LD), Distance : 359 ft
|
Batting: RHB Esteban Álvarez
|
0-0: Called Strike 0-1: Foul Ball, location: 2F 0-2: Foul Ball, location: 2F 0-2: Ball 1-2: SINGLE (Line Drive, 34D)
|
Batting: LHB António Machado
|
0-0: Ball Esteban Álvarez steals 2nd base 1-0: Foul Ball, location: 2F 1-1: Ground out 4-3 (Groundball, 4) Esteban Álvarez to third
|
Batting: RHB Bob Watson
|
0-0: Foul Ball, location: 2F 0-1: Swinging Strike 0-2: Ball 1-2: Ground out 4-3 (Groundball, 34)
|
Top of the 4th over - 1 run, 2 hits, 0 errors, 1 left on base; Barry's Bay 1 - Grim 2 |
BOTTOM OF THE 4TH |
Grim Reapers batting - Pitching for Barry's Bay Orioles : RHP David Miller
|
Batting: RHB Sandro Hernández
|
0-0: Ball 1-0: Ball 2-0: Foul Ball, location: 2F 2-1: Ball 3-1: SINGLE (Groundball, 6MD)
|
Batting: RHB Mario Barker
|
0-0: Fly out, F7 (Flyball, 7LSF)
|
Batting: RHB Arturo Franco
|
0-0: Ball 1-0: Foul Ball, location: 2F 1-1: Fly out, F3 (Line Drive, 34) Lined into DP, U3 (Line Drive, 34)
|
Bottom of the 4th over - 0 runs, 1 hit, 0 errors, 0 left on base; Barry's Bay 1 - Grim 2 |
TOP OF THE 5TH |
Barry's Bay Orioles batting - Pitching for Grim Reapers : RHP Jacob Pearson
|
Batting: RHB Howard Robinson
|
0-0: Ball 1-0: Ball 2-0: Swinging Strike 2-1: Ball 3-1: Foul Ball, location: 2F 3-2: Strikes out swinging
|
Batting: RHB Nolan Houston
|
0-0: Foul Ball, location: 2F 0-1: Ground out 1-3 (Groundball, 13S)
|
Batting: RHB Reed Brown
|
0-0: Called Strike 0-1: Swinging Strike 0-2: Ball 1-2: Strikes out swinging
|
Top of the 5th over - 0 runs, 0 hits, 0 errors, 0 left on base; Barry's Bay 1 - Grim 2 |
BOTTOM OF THE 5TH |
Grim Reapers batting - Pitching for Barry's Bay Orioles : RHP David Miller
|
Batting: RHB Phil Martin
|
0-0: Ball 1-0: SINGLE (Line Drive, 6MD)
|
Batting: LHB Benny Lawson
|
0-0: Foul Ball, location: 2F 0-1: Ball 1-1: Swinging Strike 1-2: Foul Ball, location: 2F 1-2: Ball 2-2: Ball 3-2: Foul Ball, location: 2F 3-2: Ground out 6-3 (Groundball, 6M) Phil Martin to second
|
Batting: RHB Ramón Sánchez
|
0-0: Fly out, F7 (Line Drive, 7S)
|
Batting: RHB Júlio Núńez
|
0-0: Foul Ball, location: 2F 0-1: Ball 1-1: Ball 2-1: Foul Ball, location: 2F 2-2: Ground out 5-3 (Groundball, 56)
|
Bottom of the 5th over - 0 runs, 1 hit, 0 errors, 1 left on base; Barry's Bay 1 - Grim 2 |
TOP OF THE 6TH |
Barry's Bay Orioles batting - Pitching for Grim Reapers : RHP Jacob Pearson
|
Batting: RHB Kawsen Kitwana
|
0-0: Swinging Strike 0-1: Foul Ball, location: 2F 0-2: Strikes out swinging
|
Batting: LHB Chris Russell
|
0-0: Ground out 4-3 (Groundball, 4)
|
Batting: RHB Dwayne Roldán
|
0-0: Ball 1-0: Foul Ball, location: 2F 1-1: TRIPLE (Line Drive, 8RXD)
|
Batting: RHB Esteban Álvarez
|
0-0: Ball 1-0: Ball 2-0: Fly out, F9 (Flyball, 9)
|
Top of the 6th over - 0 runs, 1 hit, 0 errors, 1 left on base; Barry's Bay 1 - Grim 2 |
BOTTOM OF THE 6TH |
Grim Reapers batting - Pitching for Barry's Bay Orioles : RHP David Miller
|
Pitching: RHP Phil Wright
|
|
Batting: SHB Luis Sotelo
|
0-0: Ball 1-0: Ball 2-0: Ball 3-0: Base on Balls
|
Batting: RHB Pedro López
|
0-0: Foul Ball, location: 2F 0-1: Called Strike 0-2: Grounds into double play, 4-6-3 (Groundball, 4)
|
Batting: RHB Sandro Hernández
|
0-0: Foul Ball, location: 2F 0-1: Ball 1-1: Ball 2-1: Ball 3-1: Base on Balls
|
Batting: RHB Mario Barker
|
0-0: Ball 1-0: Fly out, F9 (Line Drive, 9)
|
Bottom of the 6th over - 0 runs, 0 hits, 0 errors, 1 left on base; Barry's Bay 1 - Grim 2 |
TOP OF THE 7TH |
Barry's Bay Orioles batting - Pitching for Grim Reapers : RHP Jacob Pearson
|
Batting: LHB António Machado
|
0-0: Ball 1-0: Foul Ball, location: 2F 1-1: Fly out, F8 (Line Drive, 8LD)
|
Batting: RHB Bob Watson
|
0-0: Foul Ball, location: 2F 0-1: Fly out, F2 (Popup, 15S)
|
Batting: RHB Howard Robinson
|
0-0: Ball 1-0: Foul Ball, location: 2F 1-1: Called Strike 1-2: Strikes out swinging
|
Top of the 7th over - 0 runs, 0 hits, 0 errors, 0 left on base; Barry's Bay 1 - Grim 2 |
BOTTOM OF THE 7TH |
Grim Reapers batting - Pitching for Barry's Bay Orioles : RHP Phil Wright
|
Batting: RHB Arturo Franco
|
0-0: Called Strike 0-1: Foul Ball, location: 2F 0-2: Strikes out swinging
|
Batting: RHB Phil Martin
|
0-0: Called Strike 0-1: Ball 1-1: Called Strike 1-2: Ball 2-2: Fly out, F4 (Popup, 4)
|
Batting: LHB Benny Lawson
|
0-0: Called Strike 0-1: Ball 1-1: Ball 2-1: Fly out, F8 (Flyball, 89D)
|
Bottom of the 7th over - 0 runs, 0 hits, 0 errors, 0 left on base; Barry's Bay 1 - Grim 2 |
TOP OF THE 8TH |
Barry's Bay Orioles batting - Pitching for Grim Reapers : RHP Jacob Pearson
|
Pitching: RHP Sergio Hernández
|
|
Now in LF: Jesús Pérez
|
|
Batting: RHB Nolan Houston
|
0-0: Ball 1-0: Ball 2-0: Ball 3-0: Base on Balls
|
Batting: RHB Reed Brown
|
0-0: Ball 1-0: Ball 2-0: SINGLE (Groundball, 34S) (infield hit) Nolan Houston to second
|
Pinch Hitting: LHB Dave Sanders
|
0-0: Ball 1-0: Ball 2-0: Ball 3-0: Called Strike 3-1: Swinging Strike 3-2: Foul Ball, location: 2F 3-2: Strikes out swinging
|
Batting: LHB Chris Russell
|
0-0: Ball 1-0: Called Strike 1-1: Ball Wild Pitch! Nolan Houston to third Reed Brown to second 2-1: Ball 3-1: Fly out, F9 (Flyball, 9LS) Runner from 3rd tags up, SCORES, no throw
|
Batting: RHB Dwayne Roldán
|
0-0: Foul Ball, location: 2F 0-1: Ground out 6-3 (Groundball, 6)
|
Top of the 8th over - 1 run, 1 hit, 0 errors, 1 left on base; Barry's Bay 2 - Grim 2 |
BOTTOM OF THE 8TH |
Grim Reapers batting - Pitching for Barry's Bay Orioles : RHP Phil Wright
|
Now at 1B: Dave Sanders
|
|
Batting: RHB Ramón Sánchez
|
0-0: Called Strike 0-1: Ball 1-1: Ball 2-1: Ball 3-1: Called Strike 3-2: Base on Balls
|
Pinch Runner at 1st Chris Jackson:
|
|
Pinch Hitting: LHB Jesús Rojas
|
0-0: Ball 1-0: Called Strike 1-1: Foul Ball, location: 2F 1-2: Ball 2-2: SINGLE (Groundball, 3D) Chris Jackson to second Runner from 2nd tries for 3rd, SAFE, no throw
|
Batting: SHB Luis Sotelo
|
0-0: Called Strike 0-1: Fly out, F9 (Flyball, 89D) Runner from 3rd tags up, SCORES, throw made
|
Batting: RHB Pedro López
|
0-0: Ball 1-0: Ball 2-0: Fly out, F7 (Line Drive, 78D)
|
Batting: RHB Sandro Hernández
|
0-0: Ball 1-0: Ball 2-0: Swinging Strike 2-1: Called Strike 2-2: Ball 3-2: Foul Ball, location: 2F 3-2: Foul Ball, location: 2F 3-2: Foul Ball, location: 2F 3-2: Foul Ball, location: 2F 3-2: Fly out, F9 (Flyball, 9D)
|
Bottom of the 8th over - 1 run, 1 hit, 0 errors, 1 left on base; Barry's Bay 2 - Grim 3 |
TOP OF THE 9TH |
Barry's Bay Orioles batting - Pitching for Grim Reapers : RHP Sergio Hernández
|
Pitching: RHP Roger Oliver
|
|
Now in RF: Jesús Rojas
|
|
Batting: RHB Esteban Álvarez
|
0-0: Fly out, F9 (Flyball, 9LMF)
|
Batting: LHB António Machado
|
0-0: Called Strike 0-1: Ball 1-1: Called Strike 1-2: Strikes out swinging
|
Pinch Hitting: RHB Jason Cook
|
0-0: Ball 1-0: Fly out, F8 (Line Drive, 8RD)
|
Top of the 9th over - 0 runs, 0 hits, 0 errors, 0 left on base; Barry's Bay 2 - Grim 3 |
|